 Dungeon Crawl Stone Soup version 0.29.1-2-gbd0b4ee654 (webtiles) character file.

Game seed: 17931876503359748281

88 styxcanada the Sneak (level 4, 0/23 HPs)
             Began as a Spriggan Brigand on Nov 15, 2022.
             Slain by a gnoll
             ... wielding a +0 whip
              (4 damage)
             ... on level 3 of the Dungeon.
             The game lasted 00:07:20 (2379 turns).

styxcanada the Sneak (Spriggan Brigand)             Turns: 2379, Time: 00:07:22

Health: 0/23       AC:  3    Str:  7    XL:     4   Next: 30%
Magic:  5/5        EV: 17    Int: 12    God:
Gold:   68         SH:  0    Dex: 18    Spells: 3/3 levels left

rFire   . . .      SeeInvis +   a - +2 dagger
rCold   . . .      Faith    .   (no shield)
rNeg    . . .      Spirit   .   b - +0 robe
rPois   .          Reflect  .   (helmet restricted)
rElec   .          Harm     .   c - +0 cloak
rCorr   .          Rampage  .   (gloves unavailable)
Will    .....                   (boots unavailable)
Stlth   ++++......              (no amulet)
HPRegen 0.07/turn               (no ring)
MPRegen 0.09/turn               (no ring)

@: lethally poisoned (0 -> -14), very quick
A: very small, no large weapons, unfitting armour, see invisible, speed 3
a: no special abilities


You were on level 3 of the Dungeon.
You visited 1 branch of the dungeon, and saw 3 of its levels.

You collected 68 gold pieces.

Inventory:

Hand Weapons
 a - a +2 dagger (weapon)
 m - a +0 mace of protection
 q - a +1 falchion of electrocution
Missiles
 d - 2 poisoned darts (quivered)
 e - 3 curare-tipped darts
 g - 20 stones
Armour
 b - a +0 robe (worn)
 c - a +0 cloak (worn)
Scrolls
 h - a scroll of silence {unknown}
 k - a scroll of amnesia {unknown}
 l - a scroll of fog {unknown}
 n - a scroll of enchant armour {unknown}
 o - a scroll of acquirement {unknown}
 r - 2 scrolls of identify {unknown}
Potions
 j - a potion of cancellation
 p - a potion of brilliance {unknown}


   Skills:
 * Level 1.9 Fighting
 + Level 3.0 Short Blades
 + Level 2.4 Throwing
 * Level 2.1 Dodging
 * Level 7.4 Stealth


You had 3 spell levels left.
You didn't know any spells.
Your spell library contained the following spells:

 Spells                   Type           Power      Damage    Failure   Level
 Ozocubu's Armour         Ice            0%         N/A       69%         3
 Leda's Liquefaction      Hex/Erth       0%         N/A       97%         4
 Petrify                  Tmut/Erth      0%         N/A       97%         4


Dungeon Overview and Level Annotations

Branches:
Dungeon (3/15)

Altars:
Ru

Shops:
D:1 !


Innate Abilities, Weirdness & Mutations

You are very small and have problems with some larger weapons.
You are too small for most types of armour.
You have supernaturally acute eyesight. (SInv)
You cover ground extremely quickly. (Speed+++)


Message History

You kill the bat!
You feel a bit more experienced.
Your Short Blades skill increases to level 3!
Throw: 4 darts (poison)
Press: ? - help, Q - select action, (/) - cycle Shift-Dir - straight line, f - adder
Aim: an adder (44% to hit)
You throw a poisoned dart. The poisoned dart misses the adder.
Throw: 3 darts (poison)
Press: ? - help, Q - select action, (/) - cycle Shift-Dir - straight line, f - gnoll
Aim: a gnoll, wielding a +0 whip (65% to hit)
You throw a poisoned dart. The poisoned dart hits the gnoll.
The gnoll is poisoned.
It was a potion of flight.
You feel very buoyant.
You fly up into the air.
The adder bites you.
* * * LOW HITPOINT WARNING * * *
It was a potion of cancellation.
Your magical effects are unravelling.
You feel magically purged.
You float gracefully downwards.
The adder misses you.
It was a potion of curing.
You feel better. The adder bites you. x2
You are poisoned.
The adder poisons you!
You hit the adder.
The adder is lightly wounded.
You feel sick. The adder bites you.
You are lethally poisoned!
The adder poisons you!
You hit the adder.
The adder is heavily wounded.
* * * LOW HITPOINT WARNING * * *
You feel sick.
* * * LOW HITPOINT WARNING * * *
You feel sick.
The ball python bites you but does no damage.
The ball python barely misses you. The adder bites you.
* * * LOW HITPOINT WARNING * * *
You are more poisoned.
The adder poisons you! The gnoll hits you with a +0 whip.
You die...

######### ####
..#.....## #S.#
.........## #@## ##8#
..........# #Sg##8...
..........# ##g.##....
..........# #...#>....
..........# #...##....
..........##
#..###8...
...........####(.##
##8#
.........#......(.# ##
...<....######..###...


You could see a gnoll (poisoned), an adder, a hobgoblin and a ball python.

Vanquished Creatures
  Robin (D:2)
  A gnoll (D:3)
  2 dart slugs (D:1)
  An orc (D:3)
  5 endoplasms
  3 giant cockroaches
  11 goblins (D:2)
  6 hobgoblins
  5 jackals
  2 quokkas (D:3)
  4 ball pythons
  5 bats
  4 frilled lizards
  3 kobolds
  5 rats
58 creatures vanquished.

Notes
Turn   | Place    | Note
-------+----------+-------------------------------------------
     0 | D:1      | styxcanada the Spriggan Brigand began the quest for the
                  | Orb.
     0 | D:1      | Reached XP level 1. HP: 10/10 MP: 2/2
    46 | D:1      | Found a faded altar of an unknown god.
    47 | D:1      | Got Aqazin's Tractate on Clay and the Iceberg
    57 | D:1      | Found Rume's Distillery.
    60 | D:1      | Reached skill level 6 in Stealth
   538 | D:1      | Reached XP level 2. HP: 15/15 MP: 3/3
  1354 | D:2      | Found a sacrificial altar of Ru.
  1617 | D:2      | Reached XP level 3. HP: 18/18 MP: 4/4
  1836 | D:2      | Reached skill level 7 in Stealth
  2068 | D:2      | Noticed Robin
  2199 | D:2      | Killed Robin
  2200 | D:2      | Reached XP level 4. HP: 22/23 MP: 5/5
  2379 | D:3      | Slain by a gnoll

Illustrated notes

Levels and vault maps discovered:
D:1:      tarquinn_simple_flora_water_d, layout_basic,
          ebering_ecumenical_altar_sacrificial, serial_shops, nicolae_shop_stone
D:2:      layout_basic, basic_altar, uniq_robin
D:3:      layout_rooms, nicolae_overflow_hidden_temple, uniq_ijyb, uniq_sigmund

Skill      XL: |  1  2  3  4 |
---------------+-------------+-----
Stealth        | 6 7 |  7.4
Dodging        | 2 |  2.1
Short Blades   | 3 |  3.0
Fighting       | |  1.9
Throwing       | |  2.4

Action                   |  1- 3 |  4- 6 || total
-------------------------+-------+-------++-------
Melee: Dagger            |   103 |    27 ||   130
       Punch             |     1 |     1 ||     2
Throw: Dart              |    23 |     4 ||    27
  Use: Potion            |       |     3 ||     3
 Stab: Sleeping          |    13 |     2 ||    15
Armor: Robe              |    11 |     4 ||    15
Dodge: Dodged            |    74 |    20 ||    94
